 Dungeon Crawl Stone Soup version 0.27.0-1-g7a089689b8 (webtiles) character file.

Game seed: 760662105897818338

74 Smaepdii the Chopper (level 4, -5/40 HPs)
             Began as a Minotaur Berserker on Aug 16, 2021.
             Was a Believer of Trog.
             Shot with an arrow by a centaur (13 damage)
             ... on level 3 of the Dungeon.
             The game lasted 00:05:06 (2120 turns).

Smaepdii the Chopper (Minotaur Berserker)           Turns: 2120, Time: 00:05:07

Health: -5/40      AC:  4    Str: 21    XL:     4   Next: 10%
Magic:  3/3        EV: 12    Int:  5    God:    Trog [**....]
Gold:   81         SH:  0    Dex: 10    Spells: 3/3 levels left

rFire    . . .     SeeInvis .   a - +0 hand axe
rCold    . . .     Faith    .   (no shield)
rNeg     . . .     Spirit   .   g - +0 leather armour
rPois    .         Reflect  .   (helmet restricted)
rElec    .         Harm     .   d - +0 cloak
rCorr    .         Rampage  .   (no gloves)
Will     .....                  (no boots)
Stlth    +.........             (no amulet)
HPRegen  0.13/turn              (no ring)
MPRegen  0.08/turn              (no ring)

@: on berserk cooldown, slowed, very slow
A: horns 2, retaliatory headbutt
a: Renounce Religion, Berserk, Trog's Hand


You were on level 3 of the Dungeon.
You worshipped Trog.
Trog was pleased with you.
You visited 1 branch of the dungeon, and saw 3 of its levels.

You collected 81 gold pieces.

Inventory:

Hand Weapons
 a - a +0 hand axe (weapon)
Armour
 d - a +0 cloak (worn)
 g - a +0 leather armour (worn)
Scrolls
 b - a scroll of summoning {unknown}
 e - a scroll of noise {unknown}
Potions
 c - a potion of attraction {unknown}
 f - a potion of haste {unknown}


   Skills:
 + Level 4.2 Fighting
 * Level 4.7 Axes
 + Level 3.2 Armour
 + Level 2.9 Dodging


You had 3 spell levels left.
You didn't know any spells.
Your spell library was empty.

Dungeon Overview and Level Annotations

Branches:
Dungeon (3/15)

Altars:

Shops:
D:1 =


Innate Abilities, Weirdness & Mutations

You have a pair of horns on your head.
You reflexively headbutt those who attack you in melee.


Message History

There is a stone staircase leading up here.
Found a blackened granite ring.
A red film seems to cover your vision as you go berserk!
You feel yourself moving faster!
You feel mighty! The dart slug launches a dart at you. The slug dart hits you.
You completely miss the dart slug. You headbutt the dart slug!
You kill the dart slug!
Trog accepts your kill.
You hit the dart slug. You hit the dart slug.
You kill the dart slug!
Trog accepts your kill.
You hit the frilled lizard.
You kill the frilled lizard!
Trog accepts your kill.
Things that are here:
a frilled lizard corpse; a dart slug corpse You feel a strong urge to attack something.
A centaur comes into view.
The centaur shouts!
You hear an angry hiss. x2
The centaur wields a +0 shortbow.
The centaur shoots an arrow.
The arrow closely misses you.
Found a whip.
You feel your anger nearly subside.
You are no longer berserk.
You are exhausted.
You feel yourself slow down.
An adder comes into view.
The centaur shoots an arrow.
The arrow hits you.
You see here 10 gold pieces.
The centaur shoots an arrow.
The arrow hits you!
The centaur shoots an arrow.
The arrow hits you!
* * * LOW HITPOINT WARNING * * *
A hobgoblin comes into view.
A goblin comes into view. It is wielding a +0 dagger of venom.
The goblin shouts!
The adder closely misses you. You furiously retaliate!
You headbutt the adder. The adder misses you.
The centaur shoots an arrow.
The arrow hits you!
You die...

...g............. .
###g....†>....##
..##.....$........#
...........<....... .
.....#............
....###.#............
#..##..Sc......$....
.#.....g.....?.......
.......@..###..####.#
......###.# ..## =.
.#..#. #..#.## ... #
##.# .. .# .. .#.


You could see a centaur, an adder, a hobgoblin and a goblin.

Vanquished Creatures
  An adder (D:2)
  2 worms (D:2)
  7 dart slugs
  A bat (D:2)
  7 endoplasms
  2 giant cockroaches
  A goblin (D:1)
  2 hobgoblins
  6 kobolds
  2 quokkas
  6 ball pythons
  2 frilled lizards
  6 rats
45 creatures vanquished.

Notes
Turn   | Place    | Note
-------+----------+-------------------------------------------
     0 | D:1      | Smaepdii the Minotaur Berserker began the quest for the
                  | Orb.
     0 | D:1      | Reached XP level 1. HP: 19/19 MP: 0/0
   150 | D:1      | Reached XP level 2. HP: 27/27 MP: 1/1
   225 | D:1      | Found Hiowap's Jewellery Boutique.
   981 | D:1      | Reached XP level 3. HP: 32/33 MP: 2/2
  1140 | D:2      | Reached ** piety under Trog
  1256 | D:2      | Found a faded altar of an unknown god.
  2045 | D:2      | Reached XP level 4. HP: 38/40 MP: 3/3
  2113 | D:3      | Noticed a centaur
  2120 | D:3      | Shot with an arrow by a centaur

Illustrated notes

Levels and vault maps discovered:
D:1:      giann_wishing_wells, layout_loops_corners, serial_shops,
          shop_fountains
D:2:      layout_loops_ring, hellmonk_ecumenical_altar_lost_god,
          grunt_decor_mini_mirrors, roderic_roman_lattice
D:3:      layout_rooms, mainiacjoe_overflow_paths

Skill      XL: |  1  2  3 |
---------------+----------+-----
Axes           | 4 |  4.7
Fighting       | 4 |  4.2
Armour         | 3 |  3.2
Dodging        | |  2.9

Action                   |  1- 3 |  4- 6 || total
-------------------------+-------+-------++-------
Melee: Hand axe          |    94 |     2 ||    96
       Headbutt          |    18 |     1 ||    19
Invok: Berserk           |     1 |     1 ||     2
 Stab: Sleeping          |     1 |       ||     1
Armor: Animal skin       |     4 |       ||     4
       Leather armour    |    12 |       ||    12
Dodge: Dodged            |    43 |     3 ||    46
